Map: Acropolis LE

Players

IIIIIIIIIIII

  • Race: Terran Terran
  • League: Master
  • Spawn Location: 11:00

Dune - Winner!

  • Race: Protoss Protoss
  • League: Master
  • Spawn Location: 5:00

VOD

Have the link to the VOD?

Description

proxy tempest

Time

  • Played on: July 1, 2019, 4:04 p.m.
  • Length: 14:28
Show
View Real Time Build Order
Export as new Build Order

IIIIIIIIIIII Terran 

Build Orders:  

Get SALT Encoding   

  12  0:01  SCV  
  13  0:13  SCV  
  14  0:18  Supply Depot  
  14  0:25  SCV  
  15  0:40  SCV  
  16  0:47  Barracks  
  16  0:50  Supply Depot  
  16  0:52  SCV  
  17  1:04  SCV  
  18  1:21  SCV  
  19  1:35  Orbital Command  
  19  1:36  Marine  
  20  1:55  Marine  
  20  1:56  Refinery  
  21  2:03  SCV  
  22  2:08  Supply Depot  
  22  2:13  Marine  
  22  2:15  SCV  
  24  2:25  Command Center  
  24  2:27  SCV  
  25  2:31  Marine  
  25  2:35  Engineering Bay  
  26  2:40  SCV  
  27  2:50  Barracks Reactor  
  27  2:52  SCV  
  29  3:05  SCV  
  29  3:08  Missile Turret  
  29  3:17  Barracks, SCV  
  29  3:18  Refinery, Terran Infantry Weapons Level 1  
  29  3:19  Barracks  
  30  3:29  SCV  
  30  3:30  Marine, Supply Depot  
  30  3:32  Marine  
  33  3:39  Orbital Command  
  33  3:47  SCV  
  33  3:48  Marine  
  35  3:50  Marine  
  36  3:56  Supply Depot  
  36  4:01  Factory  
  36  4:06  Barracks Tech Lab  
  36  4:09  SCV x2  
  38  4:11  Marine  
  39  4:21  Marine  
  39  4:22  Supply Depot  
  39  4:23  SCV x2  
  42  4:28  Marine x2, Stimpack  
  43  4:39  Marine x2  
  43  4:40  SCV  
  43  4:41  Missile Turret  
  43  4:43  Missile Turret  
  44  4:58  Marine x4  
  48  5:01  Starport  
  48  5:02  Factory Reactor  
  48  5:03  Supply Depot  
  49  5:14  SCV x2  
  49  5:15  Marine  
  49  5:16  Marine  
  49  5:17  Marine x2  
  54  5:26  SCV  
  55  5:32  Supply Depot  
  55  5:33  Marine x2  
  55  5:35  Marine x2  
  59  5:50  Medivac  
  59  5:51  Marine x2, Medivac  
  59  5:52  Terran Infantry Armor Level 1  
  59  5:53  Marine  
  59  5:55  Marine  
  67  6:09  Marine x2  
  69  6:13  Supply Depot  
  69  6:15  Marine x2  
  71  6:28  Combat Shield  
  71  6:32  Marine  
  71  6:33  Marine  
  71  6:37  SCV x2  
  75  6:41  Marine  
  75  6:49  Medivac  
  75  6:50  Marine x2  
  77  6:58  Marine  
  78  7:06  SCV x2  
  78  7:08  Marine x2  
  82  7:16  Marine  
  82  7:18  Medivac  
  84  7:26  Marine  
  84  7:33  Marine  
  84  7:34  Marine  
  86  7:44  Marine  
  84  7:50  Marine  
  86  7:52  Marine  
  84  8:01  Marine  
  83  8:08  Marine, Medivac x2  
  83  8:10  Marine  
  87  8:15  Orbital Command  
  87  8:19  Marine  
  87  8:26  Marine  
  87  8:27  Marine  
  85  8:37  Marine  
  84  8:44  Marine  
  84  8:45  Marine  
  81  8:54  Medivac x2  
  81  8:55  Marine  
  84  9:02  Marine  
  85  9:03  Marine  
  86  9:13  Marine  
  86  9:19  Marine  
  88  9:31  Marine  
  88  9:37  Marine  
  79  9:48  Marine  
  78  9:55  Marine  
  78  10:01  Medivac x2  
  78  10:06  Marine  
  81  10:13  Marine  
  77  10:24  Marine  
  75  10:42  Marine  
  75  10:54  Medivac  
  75  11:00  Marine  
  74  11:17  Marine  
  70  11:35  Marine  
  68  11:53  Marine  
  51  12:49  Orbital Command  
Show
View Real Time Build Order
Export as new Build Order

Dune Protoss - Winner!

Build Orders:  

Get SALT Encoding   

  1  0:00  Probe  
  12  0:05  Probe  
  14  0:17  Pylon  
  14  0:21  Probe  
  15  0:35  Probe  
  16  0:38  Forge  
  16  0:53  Pylon  
  16  1:00  Pylon  
  16  1:08  Pylon  
  16  1:14  Pylon  
  15  1:18  Probe  
  15  1:25  Gateway  
  16  1:26  Assimilator  
  16  1:33  Photon Cannon  
  16  1:40  Pylon  
  16  1:47  Probe, Assimilator  
  17  1:58  Photon Cannon  
  17  2:01  Probe  
  17  2:07  Assimilator  
  18  2:09  Probe  
  20  2:25  Cybernetics Core  
  20  2:28  Probe  
  20  2:40  Probe  
  21  2:56  Probe  
  22  3:01  Adept  
  22  3:03  Stargate  
  22  3:04  Shield Battery  
  24  3:11  Pylon  
  24  3:16  Probe  
  25  3:29  Photon Cannon  
  25  3:31  Adept  
  27  3:35  Probe  
  27  3:36  Void Ray  
  32  4:17  Shield Battery  
  32  4:19  Fleet Beacon  
  32  4:29  Void Ray  
  32  4:36  Photon Cannon  
  36  5:00  Shield Battery  
  36  5:02  Shield Battery  
  36  5:20  Pylon  
  36  5:21  Pylon  
  36  5:28  Tempest  
  41  5:53  Shield Battery  
  41  6:03  Shield Battery  
  41  6:06  Tempest  
  41  6:10  Photon Cannon  
  37  6:12  Adept  
  44  6:21  Photon Cannon  
  44  6:35  Tempest  
  49  6:58  Photon Cannon  
  49  7:01  Pylon  
  49  7:12  Shield Battery  
  49  7:22  Tempest  
  54  7:46  Photon Cannon  
  54  7:55  Tempest  
  59  8:11  Shield Battery  
  59  8:28  Oracle  
  53  9:14  Nexus  
  52  9:58  Pylon  
  52  11:04  Gateway  
  39  11:43  Nexus  
  13  13:54  Probe  
Tags
 
Add a new tag
Caveats
  • Supply blocks, unpowered buildings, or Contaminate may cause inaccurate times.
  • Supply counts are checked every 10 seconds.